 Dungeon Crawl Stone Soup version 0.21.1-1-g345015f (webtiles) character file.

1632506 MothsLongingForFire the Conqueror (level 27, 273/273 HPs)
             Began as a Minotaur Berserker on June 11, 2018.
             Was a Priest of Trog.
             Escaped with the Orb
             ... and 3 runes on June 12, 2018!
             The game lasted 05:10:57 (87300 turns).

MothsLongingForFire the Conqueror (MiBe)           Turns: 87300, Time: 05:10:58

Health: 273/273    AC: 40    Str: 22    XL:     27
Magic:  31/31      EV: 20    Int: 14    God:    Trog [***...]
Gold:   4668       SH: 21    Dex: 19    Spells: 26/26 levels left

rFire    + + +     SeeInvis .   a - +9 double sword (drain)
rCold    + . .     Gourm    .   W - +3 warlock's mirror {reflect}
rNeg     + . .     Faith    .   S - +5 gold dragon scales
rPois    +         Spirit   .   A - +0 hat of Fedhas's Hatred {Int+4}
rElec    +         Reflect  +   K - +1 cloak of Grottiness {rElec rPois}
rCorr    .         Harm     .   D - +3 pair of gauntlets of War {Slay+5}
MR       ++...                  k - +2 pair of boots
Stlth    ..........             j - +6 amulet of reflection
HPRegen  0.55/turn              F - ring of protection from fire
MPRegen  0.22/turn              y - ring of Repowymo {rN+ MP+9 Int+6}

@: no status effects
A: retaliatory headbutt, horns 2, molten scales 1, blink, clumsy 1, deformed
body, fire resistance 1, sense surroundings 1, inhibited regeneration, weak 1,
no potion heal 1, subdued magic 2
0: Orb of Zot
}: 3/15 runes: decaying, silver, gossamer
a: Blink, Berserk, Trog's Hand, Burn Spellbooks, Renounce Religion


You escaped.
You worshipped Trog.
Trog was most pleased with you.
You were not hungry.

You visited 9 branches of the dungeon, and saw 49 of its levels.
You visited the Abyss 2 times.
You also visited: Bailey, Ice Cave and Wizlab.

You collected 8431 gold pieces.
You spent 3763 gold pieces at shops.


Innate Abilities, Weirdness & Mutations

You reflexively headbutt those who attack you in melee.
You have a pair of horns on your head.
You are partially covered in molten scales. (AC +2)
You can translocate small distances at will.
You are clumsy. (Dex -2)
Armour fits poorly on your strangely shaped body.
Your flesh is heat resistant. (rF+)
You passively map a small area around you.
You do not regenerate when monsters are visible.
You are weak. (Str -2)
Potions are less effective at restoring your health.
Your spells are easier to cast, but less powerful.


   Skills:
 O Level 27 Fighting
 - Level 14.0 Long Blades
 + Level 21.5 Throwing
 O Level 27 Armour
 - Level 23.6 Dodging
 O Level 27 Shields


You had 26 spell levels left.
You didn't know any spells.

Inventory:

Hand Weapons
 a - a +9 double sword of draining (weapon)
 b - a +3 blowgun {@w1}
Missiles
 h - 5 throwing nets {=f}
 B - an exploding tomahawk (quivered)
 J - 7 needles of confusion
 N - 53 curare-tipped needles {=f}
 P - 61 tomahawks of returning
Armour
 k - a +2 pair of boots (worn)
 A - the +0 hat of Fedhas's Hatred (worn) {Int+4}
   (You found it on level 5 of the Depths)

   It affects your intelligence (+4).
 D - the +3 pair of gauntlets of War (worn) {Slay+5}
   (You acquired it on level 4 of the Depths)

   It affects your accuracy and damage with ranged weapons and melee attacks
   (+5).
 K - the +1 cloak of Grottiness (worn) {rElec rPois}
   (You found it in a wizard's laboratory)

   It insulates you from electricity.
   It protects you from poison.
 S - +5 gold dragon scales (worn)
 W - the +3 warlock's mirror (worn) {reflect}
   (You bought it in a shop on level 4 of the Vaults)
Jewellery
 f - the ring of Cant {rC+ SInv Stlth+}
   (You took it off a deep elf demonologist on level 3 of the Elven Halls)

   [ring of see invisible]

   It protects you from cold.
   It lets you see invisible.
   It makes you more stealthy.
 j - a +6 amulet of reflection (around neck)
 n - an uncursed ring of positive energy
 y - the ring of Repowymo (right hand) {rN+ MP+9 Int+6}
   (You took it off a yaktaur captain on level 5 of the Vaults)

   [ring of magical power]

   It affects your intelligence (+6).
   It protects you from negative energy.
   It affects your magic capacity (+9).
 F - a ring of protection from fire (left hand)
 R - an uncursed ring of resist corrosion
Wands
 v - a wand of paralysis (10)
 C - a wand of disintegration (9)
 I - a wand of iceblast (32)
 L - a wand of clouds (4)
 Y - a wand of acid (48)
 Z - a wand of digging (12)
Scrolls
 d - 3 scrolls of silence {!r}
 e - 19 scrolls of teleportation {@r4}
 r - 9 scrolls of blinking
 u - 3 scrolls of summoning
 w - 19 scrolls of identify {@r1}
 z - 12 scrolls of fear
 E - 12 scrolls of fog
 G - a scroll of magic mapping
 H - a scroll of holy word
 X - 22 scrolls of remove curse {@r2}
Potions
 g - 10 potions of might
 i - 3 potions of magic
 l - 13 potions of heal wounds {@q2}
 m - 3 potions of agility
 o - 5 potions of flight
 p - 6 potions of resistance
 q - 2 potions of cancellation
 s - 24 potions of curing {@q1}
 t - 4 potions of ambrosia
 M - 2 potions of haste {@q3}
 O - 2 potions of berserk rage {!q}
 U - 6 potions of lignification {!q}
 V - 2 potions of invisibility
Miscellaneous
 x - 3 phantom mirrors
Comestibles
 c - 65 rations {@e1}

Dungeon Overview and Level Annotations

Branches:
Dungeon (15/15)            Temple (0/1) D:4            Lair (6/6) D:11
  Swamp (4/4) Lair:2       Spider (4/4) Lair:3        Slime (0/5) Lair:5
    Orc (2/2) D:11            Elf (3/3) Orc:2        Vaults (5/5) D:14
  Crypt (0/3) Vaults:2     Depths (5/5) D:15            Zot (5/5) Depths:5

Altars:
Ashenzari
Cheibriados
Fedhas
Hepliaklqana
Nemelex Xobeh
Okawaru
Sif Muna
Vehumet
Yredelemnul
Zin
The Shining One
Beogh
Jiyva

Shops:
D:5 ?(=[=   D:8 }   D:9 *   Orc:1 ?   Orc:2 *(*!   Elf:3 *   Vaults:4 [
Depths:5 (*?=!

Portals:
Hell: Depths:1 Depths:2 Depths:3 Depths:4 Depths:5
Abyss: Depths:4
Pandemonium: Depths:3 Depths:4
Ziggurat: Depths:2

Annotations:
D:8 exclusion: oklob sapling

.#.#.........####.##.........#+####
.#.#.......#.# #.....##.........##
.#.#.......#.# #.....##.........'.
.+.....#...#.####........##......##
.#.....#...#>.....#########......##
.................................##
..........P#≈#P.....P#≈#P..........
........)P##≈##P...P##≈##P....####.
..........≈≈≈≈≈..@..≈≈≈≈≈...#'####.
.........P##≈##P...P##≈##P......##.
.......)..P#≈#P.....P#≈#P.......##.
..#####............................
..# #....##..####.......###.......
..####...###.###.........###.......
..#......................#.........
###...................####.........
###..........................#.....


There were no monsters in sight!


Message History

Your skin crawls.
You feel resistant to hostile enchantments.
You feel somewhat more hungry.
(D) Dungeon (T) Temple (L) Lair (S) Swamp (N) Spider Nest (M) Slime Pits (O) Orcish Mines (E) Elven Halls (V) Vaults (C) Crypt (U) Depths (H) Hell (Z) Zot
Where to? (Enter - D:4, ? - help) HP restored.
You feel the effects of Trog's Hand fading.
Your skin stops crawling.
You feel less resistant to hostile enchantments.
A large abomination comes into view.
An orange demon comes into view.
There is a stone staircase leading up here.
You climb upwards.
There is a stone staircase leading down here.
A seraph comes into view.
It is wielding a great sword of flaming.
There is a stone staircase leading up here.
You climb upwards.
There is a stone staircase leading down here.
Evoke which item? (* to show all) (? for menu, Esc to quit)
Aiming: Dig
Press: ? - help, Shift-Dir - straight line The rock shatters into small pieces.
There is a stone staircase leading up here.
You climb upwards.
There is a stone staircase leading down here.
There is a staircase leading out of the dungeon here.
You have escaped!

Skill      XL: |  1  2  3  4  5  6  7  8  9 10 11 12 13 14 15 16 17 18 19 20 21 22 23 24 25 26 27 |
---------------+----------------------------------------------------------------------------------+-----
Long Blades    | 4 5 7 8 9 11 13 14 | 14.0
Fighting       | 7 9 12 14 15 17 19 20 21 22 23 24 25 26 27 | 27.0
Armour         | 6 9 11 13 15 17 19 20 21 22 23 24 25 26 27 | 27.0
Dodging        | 4 6 7 9 10 11 13 15 16 18 19 20 23 | 23.6
Shields        | 3 4 5 10 12 14 15 18 22 27 | 27.0
Throwing       | 8 12 21 | 21.5

Action                   |  1- 3 |  4- 6 |  7- 9 | 10-12 | 13-15 | 16-18 | 19-21 | 22-24 | 25-27 || total
-------------------------+-------+-------+-------+-------+-------+-------+-------+-------+-------++-------
Melee: Falchion          |    92 |    62 |   214 |   978 |  1010 |     1 |       |       |       ||  2357
       Headbutt          |    15 |    18 |    57 |   278 |   340 |   628 |   675 |   732 |  1083 ||  3826
       Long sword        |       |       |       |       |   100 |   322 |       |       |       ||   422
       Double sword      |       |       |       |       |       |  1394 |  1936 |  1832 |  2627 ||  7789
       Scimitar          |       |       |       |       |       |   226 |       |       |       ||   226
 Fire: Blowgun           |       |       |       |       |       |       |       |       |    13 ||    13
Throw: Stone             |       |     6 |    15 |       |       |       |       |       |       ||    21
       Tomahawk          |       |       |       |    12 |     7 |    10 |     4 |     5 |     6 ||    44
Invok: Berserk           |       |     3 |     4 |    10 |     7 |     8 |     7 |     6 |    17 ||    62
       Trog's Hand       |       |       |     4 |     5 |    10 |    18 |    11 |    27 |    31 ||   106
       Burn Spellbooks   |       |       |       |     1 |     4 |     2 |     2 |     6 |     3 ||    18
       Brothers in Arms  |       |       |       |       |     3 |     7 |     1 |     4 |     3 ||    18
Evoke: Wand              |       |       |     2 |       |       |     1 |     7 |     7 |     5 ||    22
       Phial of floods   |       |       |       |       |       |       |       |       |     1 ||     1
  Use: Scroll            |       |     6 |       |    15 |     5 |    16 |     9 |    21 |    24 ||    96
       Potion            |       |       |       |       |     1 |       |     1 |    17 |    27 ||    46
 Stab: Distracted        |     1 |       |       |       |       |       |     1 |       |       ||     2
       Paralysed         |       |       |     5 |       |       |       |       |     2 |     1 ||     8
       Confused          |       |       |       |       |       |     1 |     2 |     3 |       ||     6
  Eat: Chunk             |     3 |     7 |    17 |    25 |    24 |    44 |    37 |    30 |    50 ||   237
       Ration            |       |       |       |     5 |     4 |     8 |     7 |     9 |    15 ||    48
Armor: Ring mail         |    21 |       |       |       |       |       |       |       |       ||    21
       Animal skin       |     1 |       |       |       |       |       |       |       |       ||     1
       Plate armour      |    15 |    42 |    81 |   466 |    35 |       |       |       |       ||   639
       Gold dragon scale |       |       |       |       |   222 |       |   192 |   155 |   752 ||  1321
       Chain mail        |       |       |       |       |   244 |   923 |   448 |   654 |   389 ||  2658
       Pearl dragon scal |       |       |       |       |       |       |       |       |     3 ||     3
Dodge: Dodged            |    53 |    16 |    57 |   316 |   517 |  1089 |   810 |  1242 |  1680 ||  5780
Block: Buckler           |       |       |       |   134 |   218 |   268 |   471 |  1633 |  2546 ||  5270
       Shield            |       |       |       |       |       |  1163 |  1377 |       |       ||  2540
       Reflection        |       |       |       |       |       |     5 |   225 |   176 |   261 ||   667
       Rpst.: Falchion   |    20 |     2 |    15 |    79 |    99 |       |       |       |       ||   215
       Long sword        |       |       |       |       |    17 |    27 |       |       |       ||    44
       Scimitar          |       |       |       |       |       |    30 |       |       |       ||    30
       Double sword      |       |       |       |       |       |   130 |   168 |   231 |   262 ||   791

Vault maps used:
D:1:      eino_arrival_water_cross, moated_statue
D:2:      grunt_temple_overflow_holy_war, nrook_mini_vaults
D:3:      grunt_temple_overflow_open, minmay_gold_behind_fungi,
          okawaru_gym_becter
D:4:      kennysheep_mini, minmay_temple_entry_statues_pillars, first_ration,
          serial_park_tiny_1, st_stairs_4, hangedman_abyss_or_decor_passed
D:5:      lemuel_round_altar, serial_shops, nicolae_shop_trees, shop, shop,
          shop_fountains, shop, uniq_blork_the_orc
D:6:      lemuel_doored_altar, uniq_sigmund, uniq_duvessa, uniq_eustachio,
          uniq_menkaure
D:8:      serial_shops, shop, grunt_ogre_cave, introduction_to_nature_2,
          uniq_maurice, uniq_pikel
D:9:      serial_shops, shop
D:11:     erik_lair_island, orc_0_dummy, zaba_antful_of_joy
D:12:     serial_ice, serial_ice_f, serial_ice_i, serial_ice_h, serial_ice_n,
          serial_ice_m, portal_ice_cave_entry_ice_beasts
D:13:     cross_vault, enter_bailey_2, minmay_holes
D:14:     david_vaults_1, minmay_stone_trees_medium,
          nrook_guardian_serpent_double, uniq_sonja, uniq_louise
D:15:     gammafunk_depths_entry_grave, serial_co_window_serial,
          co_window_paths_b, co_window_cross_1, co_window_paths_a,
          co_window_paths_b, co_window_corner_a, co_window_corner_a,
          co_window_paths_a, co_window_of_opportunity_c, co_window_2corner,
          co_window_unsneaky_path_a, co_window_of_opportunity_c,
          co_window_unsneaky_path_b, glass_columns_a, glass_columns_a,
          glass_columns_a
Lair:1:   serial_bayou_shore_b
Lair:2:   swamp_mist
Lair:3:   dummy_spider_entry, serial_bayou_shore_b, lemuel_fruit_tree
Lair:4:   grunt_megastairs_5, uniq_rupert
Lair:5:   slime_altar_1, lemuel_fruit_fields, uniq_kirke
Lair:6:   hangedman_lair_tendril_chambers, hangedman_lair_caniforms_friends
Swamp:1:  evilmike_swamp_ruin_house_3
Swamp:2:  evilmike_swamp_ruin_rubble_1, uniq_donald, uniq_roxanne
Swamp:3:  nicolae_swamp_very_dense_foliage, swamp_pool2,
          infiniplex_staircase_pool, uniq_aizul
Swamp:4:  swamp, uniq_bai_suzhen
Spider:3: nicolae_orb_stairs
Spider:4: spider_rune_water
Orc:1:    serial_shops, shop
Orc:2:    pubby_orc_utopia, serial_shops
Elf:1:    eino_elf_arrival_altar, minmay_elf_crystal_hexagon
Elf:3:    minmay_elf_hall_hex, serial_shops, shop, basic_altar, minivault_24,
          uniq_jorgrun
Vaults:1: hangedman_vaults_stitches, vaults_room_door_ring, v_misc_29,
          nicolae_vaults_little_squares_1, ontoclasm_vaults_spin,
          nicolae_vaults_asterisk, vaults_room_semicircle,
          nicolae_vaults_circle_grid_a, nicolae_vaults_holding_cells,
          nicolae_vaults_specimen_jars, v_rooms_4,
          vaults_mumra_minichess_inversion, vaults_dpeg_ring,
          hangedman_vaults_unwind, vaults_dpeg_encased_lava,
          ontoclasm_vaults_twist
Vaults:2: hangedman_vaults_snaps, nicolae_vaults_circle_grid_a,
          hangedman_vaults_river_flow, nicolae_vaults_bisected_slash,
          minmay_crypt_entry_simple_statues, v_pattern_1, v_misc_17,
          vaults_room_ringed_pool, vaults_dpeg_doors, v_misc_28,
          ontoclasm_vaults_chip, ontoclasm_vaults_loading_screen,
          mu_enter_wizlab_6, uniq_nikola
Vaults:3: hangedman_vaults_stream, kb_rosetta, hangedman_vaults_cutoff,
          v_alt_pattern_6, nicolae_vaults_big_ls, v_misc_12,
          vaults_room_door_hall, v_misc_19, nicolae_vaults_little_ls,
          vaults_room_door_ring, portal_desolation_entry_garden
Vaults:4: v_rooms_1, nicolae_vaults_mini_display_case, v_misc_5,
          nicolae_vaults_shelves_hall, ontoclasm_vaults_pinch, v_rooms_6,
          v_rooms_2, v_pattern_4, nicolae_vaults_little_squares_1, v_misc_25,
          nicolae_vaults_little_squares_2, ontoclasm_vaults_hangar,
          serial_shops, nicolae_shop_waterfront, uniq_jory
Depths:1: hell_entry, abandoned_shop, minmay_protected_statue
Depths:2: hangedman_surveillance_ring, enter_ziggurat_d, grunt_hell_horde,
          nicolae_sextant, uniq_enchantress
Depths:3: hangedman_box_tower, hell_entry, minmay_misc_feat_alley, pan_entry,
          uniq_sojobo, uniq_xtahua
Depths:4: grunt_runaround, pan_entry, serial_shops, hell_entry, abyss_entry,
          uniq_margery
Depths:5: grunt_zot_entry_gee_three, serial_shops, shop_statue, shop, shop,
          nicolae_shop_statue_plus, shop_statue, hell_entry,
          serial_sigils_hangedman_scratch, minmay_misc_feat_diagonals,
          nrook_loot_triangle, pandoras_box_mu
Zot:1:    hangedman_zot_vaults_quadrants, lemuel_flame_loot_1
Zot:2:    amethyst_zot_foddershock, lemuel_elevator
Abyss:2:  minivault_25, evilmike_abyss_exit_glass,
          guppyfry_abyss_exit_glass_guarded, evilmike_abyss_exit_2
Abyss:5:  evilmike_abyss_exit_14, evilmike_abyss_rune_tso_outpost,
          evilmike_abyss_exit_16
Bailey:   bailey_axe_2, bailey
IceCv:    ice_cave_small_dragons
WizLab:   wizlab_golubria

Notes
Turn   | Place    | Note
-------+----------+-------------------------------------------
     0 | D:1      | MothsLongingForFire the Minotaur Berserker began the quest for the Orb.
     0 | D:1      | Reached XP level 1. HP: 19/19 MP: 0/0
    36 | D:1      | Reached skill level 4 in Long Blades
   101 | D:1      | Reached XP level 2. HP: 15/26 MP: 1/1
   477 | D:1      | Reached skill level 5 in Long Blades
   728 | D:1      | Reached XP level 3. HP: 30/31 MP: 2/2
   881 | D:2      | Reached ** piety under Trog
  1445 | D:2      | Found a basalt altar of Yredelemnul.
  1447 | D:2      | Noticed a profane servitor
  1894 | D:2      | Found a glowing golden altar of the Shining One.
  2103 | D:3      | Reached XP level 4. HP: 36/39 MP: 3/3
  2137 | D:3      | Reached skill level 6 in Long Blades
  2302 | D:3      | Found a radiant altar of Vehumet.
  2302 | D:3      | Found a hazy altar of Hepliaklqana.
  2303 | D:3      | Found a snail-covered altar of Cheibriados.
  2304 | D:3      | Found a glowing silver altar of Zin.
  2404 | D:3      | Found an iron altar of Okawaru.
  2648 | D:4      | Noticed a black bear
  2652 | D:4      | Killed a black bear
  2652 | D:4      | Reached skill level 7 in Long Blades
  2652 | D:4      | Reached XP level 5. HP: 44/45 MP: 4/4
  2767 | D:4      | Found a staircase to the Ecumenical Temple.
  2854 | D:4      | Reached skill level 8 in Long Blades
  2886 | D:4      | Identified a potion of resistance
  2984 | D:4      | Noticed an ogre
  2987 | D:4      | Reached XP level 6. HP: 51/51 MP: 5/5
  3198 | D:4      | Reached skill level 9 in Long Blades
  3236 | D:4      | Found a shattered altar of Ashenzari.
  3269 | D:5      | Entered Level 5 of the Dungeon
  3272 | D:5      | Noticed Blork the orc
  3283 | D:5      | Killed Blork the orc
  3449 | D:5      | Reached XP level 7. HP: 57/57 MP: 6/6
  3455 | D:5      | Reached skill level 10 in Long Blades
  3534 | D:5      | Found Niasmum's Weapon Emporium.
  3837 | D:5      | Found Duemn's Magic Scroll Emporium.
  3845 | D:5      | Bought a scroll of random uselessness for 11 gold pieces
  3845 | D:5      | Bought a scroll of amnesia for 38 gold pieces
  3915 | D:5      | Found Uskiquol's Antique Armour Shop.
  3922 | D:5      | Found Kiuseuf's Jewellery Shop.
  4117 | D:5      | Found Mapseq's Jewellery Shop.
  4161 | D:5      | Found a sparkling altar of Nemelex Xobeh.
  4508 | D:6      | Noticed Sigmund
  4519 | D:6      | Killed Sigmund
  4519 | D:6      | Reached skill level 11 in Long Blades
  4556 | D:6      | Reached XP level 8. HP: 64/64 MP: 7/7
  4561 | D:6      | Noticed Duvessa
  4561 | D:6      | Noticed Dowan
  4564 | D:6      | Killed Duvessa
  4571 | D:6      | Killed Dowan
  4571 | D:6      | Reached skill level 12 in Long Blades
  4819 | D:6      | Found a deep blue altar of Sif Muna.
  4842 | D:6      | Noticed Eustachio
  4863 | D:6      | Killed Eustachio
  4882 | D:6      | Reached *** piety under Trog
  5022 | D:6      | Noticed Menkaure
  5028 | D:6      | Killed Menkaure
  5028 | D:6      | Reached skill level 13 in Long Blades
  5645 | D:7      | Reached XP level 9. HP: 69/70 MP: 8/8
  5709 | D:7      | Reached skill level 14 in Long Blades
  6013 | D:7      | Reached skill level 4 in Fighting
  6013 | D:7      | Reached skill level 3 in Armour
  6255 | D:7      | Reached skill level 4 in Armour
  6303 | D:7      | Paralysed by an orc for 2 turns
  6315 | D:7      | Reached skill level 5 in Fighting
  6315 | D:7      | Reached skill level 3 in Dodging
  6539 | D:8      | Noticed a two-headed ogre
  6545 | D:8      | Killed a two-headed ogre
  6545 | D:8      | Reached skill level 6 in Fighting
  6545 | D:8      | Reached skill level 5 in Armour
  6545 | D:8      | Reached skill level 4 in Dodging
  6637 | D:8      | Noticed Pikel
  6665 | D:7      | Killed Pikel
  6665 | D:7      | Reached skill level 7 in Fighting
  6665 | D:7      | Reached skill level 6 in Armour
  6816 | D:8      | Noticed Maurice
  6826 | D:8      | Killed Maurice
  6826 | D:8      | Reached XP level 10. HP: 86/86 MP: 9/9
  6847 | D:8      | Reached skill level 7 in Armour
  7311 | D:8      | Received a gift from Trog
  7520 | D:8      | Reached skill level 8 in Fighting
  7520 | D:8      | Reached skill level 5 in Dodging
  7716 | D:8      | Found Zaitex Ylos's Gadget Shop.
  7930 | D:8      | Found a blossoming altar of Fedhas.
  8257 | D:9      | Found Fepn's General Store.
  8273 | D:9      | Reached skill level 8 in Armour
  8281 | D:9      | Bought a scroll of identify for 26 gold pieces
  8281 | D:9      | Bought a potion of curing for 39 gold pieces
  8281 | D:9      | Bought a +0 buckler for 58 gold pieces
  8604 | D:9      | Reached skill level 1 in Shields
  8744 | D:9      | Reached **** piety under Trog
  8744 | D:9      | Reached skill level 9 in Fighting
  8755 | D:9      | Reached skill level 2 in Shields
  9004 | D:10     | Entered Level 10 of the Dungeon
  9279 | D:10     | Reached skill level 9 in Armour
  9316 | D:10     | Reached skill level 6 in Dodging
  9448 | D:10     | Killed an unseen horror
  9448 | D:10     | Reached skill level 3 in Shields
  9448 | D:10     | Reached XP level 11. HP: 31/99 MP: 5/10
 10076 | D:11     | Found a staircase to the Lair.
 10274 | D:10     | Reached skill level 10 in Fighting
 10465 | D:11     | Noticed a purple ugly thing
 10489 | D:11     | Killed a purple ugly thing
 10489 | D:11     | Reached skill level 10 in Armour
 10653 | D:11     | Reached skill level 4 in Shields
 10718 | D:11     | Noticed a seven-headed hydra
 10732 | D:11     | Killed a one-headed hydra
 11037 | D:11     | Reached skill level 7 in Dodging
 11243 | D:11     | Reached ***** piety under Trog
 11250 | D:11     | Reached skill level 11 in Fighting
 11360 | D:11     | Noticed a two-headed ogre
 11369 | D:11     | Killed a two-headed ogre
 11441 | D:11     | Found a staircase to the Orcish Mines.
 11592 | D:11     | Reached skill level 11 in Armour
 11840 | D:11     | Noticed a queen ant
 11890 | D:11     | Killed a queen ant
 12581 | D:12     | Reached skill level 12 in Fighting
 12581 | D:12     | Reached XP level 12. HP: 112/112 MP: 0/11
 12632 | D:12     | Noticed a two-headed ogre
 12641 | D:12     | Killed a two-headed ogre
 12693 | D:12     | Found a frozen archway.
 12707 | D:12     | Reached skill level 8 in Dodging
 12708 | D:12     | Reached skill level 12 in Armour
 12740 | IceCv    | Entered an ice cave
 13435 | IceCv    | Noticed an ice dragon
 13451 | IceCv    | Killed an ice dragon
 13588 | IceCv    | Noticed an ice dragon
 13595 | IceCv    | Killed an ice dragon
 13595 | IceCv    | Reached skill level 13 in Fighting
 14094 | D:12     | Noticed a five-headed hydra
 14107 | D:12     | Killed a one-headed hydra
 14107 | D:12     | Reached skill level 13 in Armour
 14396 | D:12     | Noticed a two-headed ogre
 14405 | D:12     | Killed a two-headed ogre
 14405 | D:12     | Reached skill level 9 in Dodging
 14588 | D:12     | Noticed a two-headed ogre
 14597 | D:12     | Killed a two-headed ogre
 15171 | Lair:1   | Entered Level 1 of the Lair of Beasts
 16095 | Lair:2   | Noticed kae's ghost (journeyman HOFi)
 16113 | Lair:2   | Killed kae's ghost
 16113 | Lair:2   | Reached skill level 14 in Fighting
 16113 | Lair:2   | Reached XP level 13. HP: 124/124 MP: 9/12
 16235 | Lair:2   | Noticed inc's ghost (journeyman OpEE)
 16255 | Lair:2   | Killed inc's ghost
 16255 | Lair:2   | Received a gift from Trog
 16457 | Lair:2   | Found a staircase to the Swamp.
 16463 | Lair:2   | Reached skill level 14 in Armour
 17800 | Lair:3   | Found a hole to the Spider Nest.
 17834 | Lair:3   | Reached skill level 10 in Dodging
 18264 | Lair:4   | Noticed Rupert
 18280 | Lair:4   | Killed Rupert
 18280 | Lair:4   | Reached skill level 15 in Fighting
 18619 | Lair:4   | Reached skill level 15 in Armour
 19898 | Lair:5   | Noticed Kirke
 20025 | Lair:5   | Killed Kirke
 20025 | Lair:5   | Reached XP level 14. HP: 136/136 MP: 13/13
 20132 | Lair:4   | Reached skill level 16 in Fighting
 20737 | Lair:5   | Found a viscous altar of Jiyva.
 20737 | Lair:5   | Found a staircase to the Slime Pits.
 20789 | Lair:5   | Got a jewelled chain mail
 20800 | Lair:5   | Identified the +13 chain mail "Maloum" {Str+6} (You found it on level 5 of the Lair of Beasts)
 21367 | Lair:6   | Entered Level 6 of the Lair of Beasts
 21408 | Lair:6   | Reached skill level 11 in Dodging
 21423 | Lair:6   | Reached skill level 16 in Armour
 22228 | Lair:6   | Received a gift from Trog
 22364 | Lair:6   | Reached skill level 17 in Fighting
 22701 | Lair:6   | Reached skill level 17 in Armour
 23008 | Lair:6   | Received a gift from Trog
 23873 | D:13     | Found a flagged portal.
 23884 | Bailey   | Entered a bailey
 24049 | Bailey   | Reached XP level 15. HP: 124/147 MP: 11/14
 24400 | D:13     | Identified a potion of experience
 24401 | D:13     | Reached skill level 5 in Shields
 24401 | D:13     | Reached XP level 16. HP: 157/157 MP: 15/15
 24688 | D:13     | Reached skill level 18 in Fighting
 24954 | D:14     | Noticed Louise
 24969 | D:14     | Killed Louise
 24969 | D:14     | Reached skill level 6 in Shields
 25037 | D:14     | Reached skill level 18 in Armour
 25670 | D:14     | Found a gate to the Vaults.
 25677 | D:14     | Received a gift from Trog
 25677 | D:14     | Reached skill level 7 in Shields
 26043 | D:14     | Noticed Sonja
 26052 | D:14     | Killed Sonja
 26262 | D:15     | Entered Level 15 of the Dungeon
 26548 | D:15     | Reached skill level 8 in Shields
 26591 | D:15     | Found a staircase to the Depths.
 27400 | D:15     | Reached skill level 9 in Shields
 27953 | Orc:1    | Entered Level 1 of the Orcish Mines
 28001 | Orc:1    | Found Zueziph's Magic Scroll Shop.
 28027 | Orc:1    | Bought a scroll of summoning for 152 gold pieces
 28027 | Orc:1    | Bought a scroll of magic mapping for 56 gold pieces
 28146 | Orc:2    | Entered Level 2 of the Orcish Mines
 28155 | Orc:1    | Received a gift from Trog
 28206 | Orc:2    | Reached skill level 19 in Fighting
 28542 | Orc:2    | Found a roughly hewn altar of Beogh.
 28589 | Orc:2    | Found Mon Tet's Distillery.
 28600 | Orc:2    | Bought a potion of haste for 170 gold pieces
 28607 | Orc:2    | Bought a potion of curing for 51 gold pieces
 28607 | Orc:2    | Bought a potion of heal wounds for 85 gold pieces
 28607 | Orc:2    | Bought a potion of curing for 51 gold pieces
 28607 | Orc:2    | Bought a potion of heal wounds for 85 gold pieces
 28607 | Orc:2    | Bought a potion of heal wounds for 85 gold pieces
 28607 | Orc:2    | Bought a potion of curing for 51 gold pieces
 28613 | Orc:2    | Found Tushrenug's General Store.
 28622 | Orc:2    | Reached skill level 19 in Armour
 28711 | Orc:2    | Bought a potion of curing for 48 gold pieces
 28711 | Orc:2    | Bought a scroll of magic mapping for 56 gold pieces
 29268 | Orc:2    | Reached ****** piety under Trog
 29375 | Orc:2    | Reached skill level 10 in Shields
 29391 | Orc:2    | Found a roughly hewn altar of Beogh.
 29406 | Orc:2    | Reached XP level 17. HP: 152/168 MP: 14/16
 29443 | Orc:2    | Found Lurchobum's General Store.
 29443 | Orc:2    | Received a gift from Trog
 29590 | Orc:2    | Bought a scroll of identify for 20 gold pieces
 29590 | Orc:2    | Bought a potion of curing for 30 gold pieces
 29590 | Orc:2    | Bought 2 potions of heal wounds for 100 gold pieces
 29590 | Orc:2    | Bought a potion of heal wounds for 50 gold pieces
 29590 | Orc:2    | Bought 2 potions of invisibility for 160 gold pieces
 29654 | Orc:2    | Found Fiottah's Antique Weapon Shoppe.
 29883 | Orc:2    | Found a staircase to the Elven Halls.
 30336 | Swamp:1  | Entered Level 1 of the Swamp
 30959 | Swamp:1  | Reached skill level 11 in Shields
 31277 | Swamp:2  | Noticed Donald
 31297 | Swamp:1  | Killed Donald
 31631 | Swamp:2  | Noticed Kagorn's ghost (journeyman DsBe)
 31646 | Swamp:2  | Killed Kagorn's ghost
 31725 | Swamp:2  | Noticed Roxanne
 31739 | Swamp:2  | Killed Roxanne
 32237 | Swamp:3  | Received a gift from Trog
 32418 | Swamp:3  | Reached skill level 20 in Fighting
 32566 | Swamp:3  | Noticed Aizul
 32589 | Swamp:3  | Reached skill level 12 in Shields
 32726 | Swamp:3  | Killed Aizul
 32726 | Swamp:3  | Reached skill level 20 in Armour
 33268 | Swamp:4  | Entered Level 4 of the Swamp
 34721 | Swamp:4  | Reached XP level 18. HP: 180/180 MP: 17/17
 34755 | Swamp:4  | Reached skill level 13 in Shields
 34883 | Swamp:4  | Got a decaying rune of Zot
 34915 | Swamp:4  | Noticed Bai Suzhen
 34971 | Swamp:4  | Killed Bai Suzhen
 35538 | Spider:1 | Entered Level 1 of the Spider Nest
 35573 | Spider:1 | Reached skill level 12 in Dodging
 36996 | Spider:2 | Identified a scroll of acquirement
 37442 | Spider:3 | Received a gift from Trog
 37525 | Spider:3 | Reached skill level 21 in Fighting
 37757 | Spider:3 | Reached skill level 14 in Shields
 37822 | Spider:3 | Reached skill level 21 in Armour
 38541 | Spider:4 | Entered Level 4 of the Spider Nest
 39002 | Spider:4 | Reached skill level 13 in Dodging
 39307 | Spider:4 | Received a gift from Trog
 39965 | Spider:4 | Reached XP level 19. HP: 186/190 MP: 18/18
 40371 | Spider:4 | Got a gossamer rune of Zot
 40378 | Spider:4 | Got a bound marble ring
 40380 | Spider:4 | Identified the ring of Hawuco {Fire Int+2} (You acquired it on level 4 of the Spider Nest)
 40652 | Vaults:1 | Entered Level 1 of the Vaults
 41040 | Vaults:1 | Reached skill level 15 in Shields
 41399 | Vaults:1 | Identified the Guide on Unholy Arts
 41580 | Vaults:1 | Reached skill level 14 in Dodging
 41852 | Vaults:1 | Received a gift from Trog
 42112 | Vaults:1 | Reached skill level 22 in Fighting
 42195 | Vaults:1 | Reached skill level 22 in Armour
 42635 | Vaults:1 | Received a gift from Trog
 43321 | Vaults:2 | Received a gift from Trog
 43330 | Vaults:2 | Noticed Nikola
 43344 | Vaults:2 | Killed Nikola
 43367 | Vaults:2 | Found a magical portal.
 43375 | WizLab   | Entered The Roulette of Golubria
 43375 | WizLab   | Found a transporter.
 43392 | WizLab   | Found a corrupted altar of Lugonu.
 43534 | WizLab   | Found a transporter.
 43538 | WizLab   | Found a transporter.
 43576 | WizLab   | Found a corrupted altar of Lugonu.
 43578 | WizLab   | Found a corrupted altar of Lugonu.
 43582 | WizLab   | Found a transporter.
 43633 | WizLab   | Found a transporter.
 43656 | WizLab   | Found a transporter.
 43691 | WizLab   | Found a transporter.
 43697 | WizLab   | Found a transporter.
 43777 | WizLab   | Found a transporter.
 43807 | WizLab   | Found a transporter.
 44035 | WizLab   | Found a transporter.
 44035 | WizLab   | Found a transporter.
 44046 | WizLab   | Reached skill level 15 in Dodging
 44057 | WizLab   | Found a transporter.
 44076 | WizLab   | Reached XP level 20. HP: 184/202 MP: 19/19
 44265 | WizLab   | Got a bloodstained cloak
 44276 | WizLab   | Identified the +1 cloak of Grottiness {rElec rPois} (You found it in a wizard's laboratory)
 44772 | Vaults:2 | Paralysed by an ogre mage for 6 turns
 44870 | Vaults:2 | Received a gift from Trog
 45725 | Vaults:2 | Found a staircase to the Crypt.
 46017 | Vaults:3 | Reached skill level 23 in Fighting
 46021 | Vaults:3 | Received a gift from Trog
 46225 | Vaults:3 | Reached skill level 23 in Armour
 46310 | Vaults:3 | Reached skill level 16 in Dodging
 46967 | Vaults:3 | Received a gift from Trog
 47499 | Vaults:4 | Noticed Jory
 47533 | Vaults:4 | Killed Jory
 48011 | Vaults:4 | Reached XP level 21. HP: 212/212 MP: 20/20
 48509 | Vaults:4 | Found Tafuikut's Armour Emporium.
 48527 | Vaults:4 | Bought the +3 warlock's mirror {reflect} for 680 gold pieces
 48527 | Vaults:4 | Found the +3 warlock's mirror {reflect}
 48677 | Vaults:4 | Reached skill level 17 in Dodging
 49225 | Vaults:5 | Entered Level 5 of the Vaults
 49286 | Vaults:4 | Received a gift from Trog
 49687 | Elf:1    | Entered Level 1 of the Elven Halls
 50156 | Elf:1    | Found a radiant altar of Vehumet.
 50485 | Elf:1    | Gained mutation: Scrolls take you a little longer to read. [a neqoxec]
 50488 | Elf:1    | Gained mutation: You are occasionally teleported next to monsters. [a neqoxec]
 50507 | Elf:1    | Reached skill level 24 in Fighting
 50651 | Elf:1    | Reached skill level 24 in Armour
 50940 | Elf:1    | Received a gift from Trog
 51705 | Elf:2    | Found a runed gate.
 51710 | Elf:2    | Found a runed gate.
 51710 | Elf:2    | Found a runed gate.
 51961 | Elf:2    | Received a gift from Trog
 52320 | Elf:3    | Entered Level 3 of the Elven Halls
 52552 | Elf:2    | Reached skill level 18 in Dodging
 52846 | Elf:3    | Found a radiant altar of Vehumet.
 52965 | Elf:3    | Noticed Jorgrun
 52977 | Elf:3    | Killed Jorgrun
 53175 | Elf:3    | Received a gift from Trog
 53175 | Elf:3    | Reached XP level 22. HP: 217/224 MP: 21/21
 53397 | Elf:3    | You are cast into the Abyss!
 53397 | Elf:3    | Cast into level 2 of the Abyss (a deep elf sorcerer)
 53581 | Elf:3    | You pass through the gate.
 53581 | Elf:3    | Escaped the Abyss
 53604 | Elf:3    | Lost mutation: You are occasionally teleported next to monsters. [potion of mutation]
 53604 | Elf:3    | Lost mutation: Scrolls take you a little longer to read. [potion of mutation]
 53604 | Elf:3    | Gained mutation: You are occasionally teleported next to monsters. [potion of mutation]
 53604 | Elf:3    | Gained mutation: Your spells are a little harder to cast, but a little more powerful. [potion of mutation]
 53687 | Elf:3    | Found Maca's General Store.
 53764 | Elf:3    | Bought a scroll of identify for 28 gold pieces
 53764 | Elf:3    | Bought a scroll of summoning for 133 gold pieces
 53764 | Elf:3    | Bought a scroll of blinking for 105 gold pieces
 54008 | Elf:3    | Received a gift from Trog
 54286 | Elf:3    | Lost mutation: Your spells are a little harder to cast, but a little more powerful. [potion of mutation]
 54286 | Elf:3    | Lost mutation: You are occasionally teleported next to monsters. [potion of mutation]
 54286 | Elf:3    | Gained mutation: You tend to lose your temper in combat. [potion of mutation]
 54286 | Elf:3    | Gained mutation: You are partially covered in icy blue scales. (AC +2) [potion of mutation]
 54447 | Elf:3    | Lost mutation: You tend to lose your temper in combat. [potion of mutation]
 54447 | Elf:3    | Lost mutation: You are partially covered in icy blue scales. (AC +2) [potion of mutation]
 54447 | Elf:3    | Gained mutation: You occasionally shout uncontrollably at your foes. [potion of mutation]
 54447 | Elf:3    | Gained mutation: You are partially covered in icy blue scales. (AC +2) [potion of mutation]
 54447 | Elf:3    | Gained mutation: You are clumsy. (Dex -2) [potion of mutation]
 54447 | Elf:3    | Gained mutation: You passively map a small area around you. [potion of mutation]
 54821 | Elf:3    | Reached skill level 25 in Fighting
 54923 | Elf:3    | Reached skill level 25 in Armour
 54925 | Elf:3    | Got an ancient turquoise ring
 55148 | Elf:3    | Identified the ring of Cant {rC+ SInv Stlth+} (You took it off a deep elf demonologist on level 3 of the Elven Halls)
 55266 | Elf:3    | Got a crude ring mail
 55267 | Elf:3    | Identified the +5 ring mail of Fowky {Dex+5} (You found it on level 3 of the Elven Halls)
 55859 | Vaults:4 | Reached skill level 19 in Dodging
 56116 | Vaults:4 | Received a gift from Trog
 56225 | Vaults:5 | Noticed a golden dragon
 56436 | Vaults:4 | Killed a golden dragon
 57240 | Vaults:4 | Reached XP level 23. HP: 167/234 MP: 22/22
 57725 | Vaults:5 | Received a gift from Trog
 57899 | Vaults:4 | You are cast into the Abyss!
 57899 | Vaults:4 | Cast into level 5 of the Abyss (a distortion unwield)
 57899 | Abyss:5  | Entered Level 5 of the Abyss
 58030 | Abyss:5  | Found a corrupted altar of Lugonu.
 58078 | Abyss:5  | Paralysed by accursed screaming for 1 turns
 58379 | Abyss:5  | Noticed an ancient lich
 58381 | Abyss:5  | Gained mutation: You do not regenerate when monsters are visible. [a cacodemon]
 58499 | Vaults:4 | You pass through the gate.
 58499 | Vaults:4 | Escaped the Abyss
 58840 | Vaults:5 | Received a gift from Trog
 58993 | Vaults:5 | Identified the Handbook of Blistering Dislocation
 59102 | Vaults:5 | Reached skill level 20 in Dodging
 59344 | Vaults:5 | Reached skill level 26 in Fighting
 59738 | Vaults:5 | Reached skill level 26 in Armour
 60112 | Vaults:5 | Got a shimmering platinum ring
 60115 | Vaults:5 | Identified the ring of Repowymo {rN+ MP+9 Int+6} (You took it off a yaktaur captain on level 5 of the Vaults)
 60236 | Vaults:5 | Noticed an ancient lich
 60264 | Vaults:5 | Killed an ancient lich
 60538 | Vaults:5 | Got a faintly glowing cloak
 60740 | Vaults:5 | Identified the cursed -2 cloak of Taikh {rElec} (You found it on level 5 of the Vaults)
 60823 | Vaults:5 | Got a silver rune of Zot
 61034 | Vaults:5 | Identified the Compendium of the Final Wonders
 61038 | Vaults:5 | Received a gift from Trog
 61207 | Depths:1 | Entered Level 1 of the Depths
 61499 | Depths:1 | Found a gateway to Hell.
 62039 | Depths:1 | Reached XP level 24. HP: 247/247 MP: 22/22
 62755 | Depths:2 | Found a gateway to a ziggurat.
 62784 | Depths:2 | Noticed the Enchantress
 62807 | Depths:2 | Reached skill level 21 in Dodging
 62855 | Depths:2 | Killed the Enchantress
 63191 | Depths:2 | Received a gift from Trog
 63849 | Depths:3 | Found a one-way gate leading to the halls of Pandemonium.
 63974 | Depths:2 | Reached skill level 27 in Fighting
 64022 | Depths:2 | Reached skill level 27 in Armour
 64870 | Depths:3 | Reached skill level 22 in Dodging
 64926 | Depths:3 | Found the +0 pair of fencer's gloves {+Riposte Dex+3}
 64977 | Depths:3 | Noticed a caustic shrike
 64985 | Depths:3 | Killed a caustic shrike
 64986 | Depths:3 | Noticed a juggernaut
 65006 | Depths:3 | Noticed a juggernaut
 65494 | Depths:3 | Paralysed by a floating eye for 2 turns
 65504 | Depths:3 | Killed a juggernaut
 65670 | Depths:3 | Reached skill level 23 in Dodging
 65699 | Depths:3 | Got a crystal long sword {protect}
 65702 | Depths:3 | Identified the +8 long sword "Acarineslayer" {protect, rPois rF+ Stlth-} (You took it off a frost giant on level 3 of the Depths)
 65737 | Depths:3 | Received a gift from Trog
 65751 | Depths:3 | Reached XP level 25. HP: 257/257 MP: 22/22
 65787 | Depths:3 | Got a heavily runed iron ring
 65936 | Depths:3 | Paralysed by a floating eye for 4 turns
 66388 | Depths:3 | Noticed Sojobo
 66412 | Depths:3 | Reached skill level 1 in Throwing
 66443 | Depths:3 | Killed Sojobo
 66443 | Depths:3 | Reached skill level 2 in Throwing
 67080 | Depths:3 | Killed a juggernaut
 67080 | Depths:3 | Reached skill level 3 in Throwing
 67271 | Depths:3 | Noticed Xtahua
 67279 | Depths:3 | Killed Xtahua
 67286 | Depths:3 | Reached skill level 4 in Throwing
 68041 | Depths:4 | Reached skill level 5 in Throwing
 68095 | Depths:4 | Reached skill level 16 in Shields
 68193 | Depths:4 | Received a gift from Trog
 68316 | Depths:4 | Reached skill level 6 in Throwing
 68347 | Depths:4 | Received a gift from Trog
 68635 | Depths:4 | Found a one-way gate to the infinite horrors of the Abyss.
 68845 | Depths:4 | Reached skill level 17 in Shields
 68857 | Depths:4 | Reached skill level 7 in Throwing
 68874 | Depths:4 | Noticed a caustic shrike
 68874 | Depths:4 | Noticed a caustic shrike
 68874 | Depths:4 | Noticed a caustic shrike
 68874 | Depths:4 | Noticed a caustic shrike
 69566 | Depths:4 | Killed a caustic shrike
 69568 | Depths:4 | Killed a caustic shrike
 69568 | Depths:4 | Reached skill level 8 in Throwing
 69568 | Depths:4 | Reached skill level 18 in Shields
 69580 | Depths:4 | Noticed a caustic shrike
 69584 | Depths:4 | Killed a caustic shrike
 69588 | Depths:4 | Killed a caustic shrike
 69590 | Depths:4 | Killed a caustic shrike
 69603 | Depths:4 | Received a gift from Trog
 69653 | Depths:4 | Reached XP level 26. HP: 189/266 MP: 22/22
 69857 | Depths:4 | Noticed Margery
 69858 | Depths:4 | Reached skill level 9 in Throwing
 69874 | Depths:4 | Killed Margery
 69882 | Depths:4 | Reached skill level 19 in Shields
 69885 | Depths:4 | Identified the ring of Orohuci {Wiz +Fly rPois} (You took it off a tengu reaver on level 3 of the Depths)
 70476 | Depths:5 | Entered Level 5 of the Depths
 70476 | Depths:5 | Found Amnon's General Store.
 70563 | Depths:5 | Received a gift from Trog
 70588 | Depths:5 | Reached skill level 10 in Throwing
 70591 | Depths:5 | Found Epli's Jewellery Boutique.
 70604 | Depths:5 | Received a gift from Trog
 70618 | Depths:5 | Found Uweuj's Magic Scroll Boutique.
 70967 | Depths:4 | Got a spiked plate armour
 70979 | Depths:4 | Identified the +9 plate armour of Temperance {Regen+} (You acquired it on level 4 of the Depths)
 70980 | Depths:4 | Found the +3 pair of gauntlets of War {Slay+5}
 71068 | Depths:4 | Reached skill level 20 in Shields
 71253 | Depths:5 | Bought a scroll of acquirement for 728 gold pieces
 71375 | Depths:5 | Bought 2 potions of resistance for 380 gold pieces
 71375 | Depths:5 | Bought a scroll of teleportation for 57 gold pieces
 71375 | Depths:5 | Bought a scroll of identify for 38 gold pieces
 71389 | Depths:5 | Found Pajoewaa's Weapon Boutique.
 71672 | Depths:5 | Reached skill level 11 in Throwing
 71879 | Depths:5 | Reached skill level 21 in Shields
 71897 | Depths:5 | Found a gate to the Realm of Zot.
 71924 | Depths:5 | Found Juem's Distillery.
 71931 | Depths:5 | Bought a potion of curing for 48 gold pieces
 71931 | Depths:5 | Bought 2 potions of curing for 96 gold pieces
 71931 | Depths:5 | Bought a potion of curing for 48 gold pieces
 72072 | Depths:5 | Found a runed gate.
 72072 | Depths:5 | Found a runed gate.
 72072 | Depths:5 | Found a runed gate.
 72231 | Depths:5 | Got a bloodstained hat
 72232 | Depths:5 | Identified the +0 hat of Fedhas's Hatred {Int+4} (You found it on level 5 of the Depths)
 72390 | Zot:1    | Entered Level 1 of the Realm of Zot
 72570 | Zot:1    | Noticed an electric golem
 72576 | Depths:5 | Received a gift from Trog
 72996 | Depths:5 | Killed an electric golem
 73225 | Depths:5 | Reached skill level 12 in Throwing
 73311 | Depths:5 | Reached skill level 22 in Shields
 73594 | Zot:1    | Noticed a curse toe
 73606 | Zot:1    | Killed a curse toe
 73606 | Zot:1    | Reached XP level 27. HP: 66/273 MP: 22/22
 74808 | Vaults:5 | Identified +0 pearl dragon scales (You found it on level 2 of the Spider Nest)
 75196 | Zot:1    | Noticed an electric golem
 75215 | Zot:1    | Killed an electric golem
 75983 | Zot:2    | Reached skill level 23 in Shields
 76238 | Zot:2    | Reached skill level 13 in Throwing
 76261 | Zot:2    | Received a gift from Trog
 76695 | Depths:4 | You fall through a shaft!
 77717 | Elf:3    | Got a twisted crystal plate armour
 77718 | Elf:3    | Identified the +1 crystal plate armour of the Elephant {+Inv Regen+} (You found it on level 3 of the Elven Halls)
 78296 | Zot:2    | Received a gift from Trog
 78741 | Zot:2    | Noticed an electric golem
 78741 | Zot:2    | Noticed an electric golem
 78751 | Zot:2    | Killed an electric golem
 78760 | Zot:2    | Killed an electric golem
 79113 | Zot:2    | Reached skill level 24 in Shields
 79848 | Zot:3    | Noticed an orb of fire
 79895 | Zot:2    | Reached skill level 14 in Throwing
 79933 | Zot:2    | Killed an orb of fire
 80561 | Zot:3    | Received a gift from Trog
 80638 | Zot:3    | Reached skill level 25 in Shields
 81682 | Zot:4    | Reached skill level 15 in Throwing
 81785 | Zot:4    | Got a wavering graven amulet
 81786 | Zot:4    | Identified the amulet "Roopam" {Inacc +Fly rC+ SInv} (You found it on level 4 of the Realm of Zot)
 82462 | Zot:5    | Entered Level 5 of the Realm of Zot
 82465 | Zot:5    | Noticed a curse toe
 82474 | Zot:5    | Killed a curse toe
 82474 | Zot:5    | Reached skill level 26 in Shields
 82583 | Zot:5    | Noticed a curse toe
 82672 | Zot:5    | Killed a curse toe
 82841 | Zot:5    | Noticed a curse toe
 82858 | Zot:5    | Killed a curse toe
 83274 | Zot:5    | Noticed an ancient lich
 83303 | Zot:4    | Killed an ancient lich
 83629 | Zot:5    | Noticed an electric golem
 83647 | Zot:5    | Killed an electric golem
 83662 | Zot:5    | Reached skill level 16 in Throwing
 83675 | Zot:5    | Noticed an ancient lich
 83678 | Zot:5    | Noticed an electric golem
 83701 | Zot:5    | Killed an ancient lich
 83705 | Zot:5    | Killed an electric golem
 83950 | Zot:5    | Noticed an orb of fire
 83950 | Zot:5    | Gained mutation: Potions are less effective at restoring your health. [an orb of fire]
 84112 | Zot:5    | Gained mutation: Your spells are a little easier to cast, but a little less powerful. [an orb of fire]
 84114 | Zot:5    | Gained mutation: Your spells are easier to cast, but less powerful. [an orb of fire]
 84116 | Zot:5    | Gained mutation: You expend magic power (3 MP) to strengthen your wands. [an orb of fire]
 84120 | Zot:5    | Killed an orb of fire
 84120 | Zot:5    | Reached skill level 27 in Shields
 84378 | Zot:5    | Received a gift from Trog
 84463 | Zot:5    | Reached skill level 17 in Throwing
 84550 | Zot:5    | Noticed an orb of fire
 84551 | Zot:5    | Gained mutation: Scrolls take you a little longer to read. [an orb of fire]
 84564 | Zot:5    | Gained mutation: You are very clumsy. (Dex -4) [an orb of fire]
 84569 | Zot:5    | Killed an orb of fire
 84759 | Zot:5    | Noticed an orb of fire
 84777 | Zot:5    | Killed an orb of fire
 84777 | Zot:5    | Reached skill level 18 in Throwing
 84806 | Zot:5    | Noticed an ancient lich
 84820 | Zot:5    | Killed an ancient lich
 84829 | Zot:5    | Received a gift from Trog
 84871 | Zot:5    | Noticed an orb of fire
 84886 | Zot:5    | Killed an orb of fire
 85005 | Zot:5    | Noticed an orb of fire
 85014 | Zot:5    | Killed an orb of fire
 85128 | Zot:5    | Noticed an orb of fire
 85134 | Zot:5    | Noticed an orb of fire
 85144 | Zot:5    | Killed an orb of fire
 85144 | Zot:5    | Reached skill level 19 in Throwing
 85151 | Zot:5    | Killed an orb of fire
 85388 | Zot:5    | Noticed an orb of fire
 85397 | Zot:5    | Gained mutation: You are weak. (Str -2) [an orb of fire]
 85397 | Zot:5    | Gained mutation: Armour fits poorly on your strangely shaped body. [an orb of fire]
 85398 | Zot:5    | Gained mutation: Your body sometimes deteriorates upon taking damage. [an orb of fire]
 85404 | Zot:5    | Killed an orb of fire
 85992 | Zot:5    | Reached skill level 20 in Throwing
 86348 | Zot:5    | Noticed an orb of fire
 86359 | Zot:5    | Gained mutation: You are very weak. (Str -4) [an orb of fire]
 86360 | Zot:5    | Killed an orb of fire
 86641 | Zot:5    | Got the Orb of Zot
 86727 | Zot:4    | Noticed Jairphoy the pandemonium lord
 86737 | Zot:4    | Killed Jairphoy the pandemonium lord
 86737 | Zot:4    | Reached skill level 21 in Throwing
 86896 | Depths:2 | HP: 19/273 [Brimstone Fiend/damnation (44)]
 86898 | Depths:2 | HP: 5/409 [Brimstone Fiend/damnation (26)]
 86911 | Depths:2 | Lost mutation: You occasionally shout uncontrollably at your foes. [potion of mutation]
 86911 | Depths:2 | Lost mutation: Scrolls take you a little longer to read. [potion of mutation]
 86911 | Depths:2 | Lost mutation: You are very weak. (Str -4) [potion of mutation]
 86911 | Depths:2 | Lost mutation: Your body sometimes deteriorates upon taking damage. [potion of mutation]
 86911 | Depths:2 | Gained mutation: You are partially covered in molten scales. (AC +2) [potion of mutation]
 86911 | Depths:2 | Gained mutation: You can translocate small distances at will. [potion of mutation]
 86912 | Depths:2 | Lost mutation: You expend magic power (3 MP) to strengthen your wands. [potion of mutation]
 86912 | Depths:2 | Lost mutation: You are partially covered in icy blue scales. (AC +2) [potion of mutation]
 86912 | Depths:2 | Lost mutation: Armour fits poorly on your strangely shaped body. [potion of mutation]
 86912 | Depths:2 | Lost mutation: You are very clumsy. (Dex -4) [potion of mutation]
 86912 | Depths:2 | Gained mutation: Armour fits poorly on your strangely shaped body. [potion of mutation]
 86912 | Depths:2 | Gained mutation: Your flesh is heat resistant. (rF+) [potion of mutation]
 87031 | D:12     | Noticed Iblo the pandemonium lord
 87062 | D:12     | Killed Iblo the pandemonium lord
 87280 | D:3      | Noticed a seraph
 87300 | D:$      | Escaped with the Orb!

Vanquished Creatures
  2 pandemonium lords
  4 ancient liches
  10 orbs of fire
  2 juggernauts (Depths:3)
  Sojobo (Depths:3)
  Margery (Depths:4)
  Bai Suzhen (Swamp:4)
  6 caustic shrikes
  4 curse toes
  2 Killer Klowns (Zot:5)
  Xtahua (Depths:3)
  10 golden dragons
  the Enchantress (Depths:2)
  Jory (Vaults:4)
  Nikola (Vaults:2)
  3 bone dragons (Depths:5)
  Jorgrun (Elf:3)
  6 electric golems
  A Brimstone Fiend (Depths:2)
  Rupert (Lair:4)
  18 tentacled monstrosities
  26 Orb Guardians
  4 quicksilver dragons
  7 titans
  A deep elf master archer (Elf:3)
  3 deep elf blademasters (Elf:3)
  An eldritch tentacle (WizLab)
  3 liches
  7 sphinxes
  A thorn hunter (Swamp:1)
  3 tentacled starspawn
  10 shadow dragons
  11 death cobs
  Kirke (Lair:5)
  17 storm dragons
  13 tengu reavers
  3 draconian monks
  Roxanne (Swamp:2)
  13 fire giants
  Donald (Swamp:1)
  A fire giant (shapeshifter) (Depths:3)
  4 draconian knights
  10 frost giants
  2 orc warlords
  A caustic shrike zombie (D:15)
  Aizul (Swamp:3)
  2 iron dragons (Depths:4)
  11 ghost moths
  7 deep elf sorcerers
  12 ironheart preservers
  5 emperor scorpions
  12 vault wardens
  A cacodemon (Abyss:5)
  7 draconian scorchers
  A reaper (Depths:5)
  5 deep elf elementalists
  8 draconian stormcallers
  4 spriggan defenders
  6 draconian shifters
  Louise (D:14)
  3 entropy weavers
  24 stone giants
  5 draconian annihilators
  3 war gargoyles
  41 very ugly things
  4 deep elf demonologists
  3 vampire knights
  17 green draconians
  14 purple draconians
  16 yellow draconians
  12 white draconians
  28 black draconians
  12 spark wasps
  16 deep elf annihilators
  The ghost of Kagorn the Cleaver, a journeyman DsBe of Trog (Swamp:2)
  16 ettins
  The ghost of kae the Cleaver, a journeyman HOFi of Qazlal (Lair:2)
  14 red draconians
  A blizzard demon (Abyss:5)
  8 deep elf death magi
  20 fire dragons
  15 ogre magi
  13 yaktaur captains
  2 green deaths
  9 great orbs of eyes
  9 deep elf high priests
  31 vault guards
  19 ice dragons
  4 rakshasas
  5 spriggan air magi
  29 hydras
  2 ghost crabs
  A quicksilver dragon skeleton (Vaults:5)
  The ghost of inc the Geomancer, a journeyman OpEE of Gozag (Lair:2)
  A catoblepas (D:13)
  13 alligators
  16 centaur warriors
  A death knight (D:14)
  25 dancing weapons
  A queen ant (D:11)
  38 two-headed ogres
  11 deep troll shamans
  11 deep troll earth magi
  4 hell hogs (Depths:2)
  A two-headed ogre (shapeshifter) (D:13)
  6 tengu warriors
  A vampire mage (Depths:4)
  4 death yaks
  4 orc high priests (Orc:2)
  8 thrashing horrors (Abyss:5)
  A soul eater (Depths:5)
  Sonja (D:14)
  27 hell knights
  8 spriggan berserkers
  21 deep elf knights
  3 iron trolls
  12 skeletal warriors
  11 spriggans
  2 wretched stars (Abyss:5)
  A sixfirhy (WizLab)
  3 shadow wraiths
  A spark wasp zombie (Depths:3)
  A fire crab (Lair:6)
  A titan skeleton (Vaults:5)
  8 glowing orange brains
  32 deep trolls
  4 shambling mangroves
  3 spriggan druids
  A glowing orange brain (shapeshifter) (Elf:1)
  3 unseen horrors
  3 flayed ghosts
  20 deep elf archers
  A lindwurm (shapeshifter) (Depths:4)
  11 swamp dragons
  6 wizards
  An obsidian statue (WizLab)
  An orange crystal statue (Depths:1)
  12 harpies
  Pikel (D:7)
  A harpy (shapeshifter) (Vaults:3)
  6 phantasmal warriors
  10 ironbrand convokers
  A sphinx zombie (D:15)
  20 orc knights
  9 necromancers
  6 orc sorcerers
  23 orb spiders
  2 tengu skeletons
  82 deep elf magi
  3 cyclopes
  A cyclops (shapeshifter) (D:13)
  A fire giant zombie (D:15)
  A human zombie (Vaults:5)
  A salamander (shapeshifter) (Depths:3)
  56 ugly things
  35 wolf spiders
  A frost giant zombie (Depths:3)
  A manticore (D:15)
  3 fauns (shapeshifter)
  3 moths of wrath (shapeshifter)
  Maurice (D:8)
  A worldbinder (Abyss:5)
  An orc zombie (Vaults:1)
  5 elephants
  A guardian serpent (shapeshifter) (Depths:3)
  A rust devil (Zot:5)
  20 moths of wrath
  2 ice statues (IceCv)
  3 eyes of devastation
  2 torpor snails
  2 guardian serpents
  An apocalypse crab (Abyss:5)
  A black mamba (shapeshifter) (Vaults:4)
  9 vault sentinels
  4 smoke demons
  A yaktaur zombie (Vaults:5)
  A hellion (Depths:2)
  4 rime drakes
  2 orange demons
  11 black mambas
  14 spiny frogs
  2 kobold demonologists (D:15)
  9 freezing wraiths
  A yaktaur (shapeshifter) (Elf:1)
  3 tengu conjurers
  An efreet (Abyss:5)
  A komodo dragon (shapeshifter) (Depths:2)
  59 yaktaurs
  A hellwing (WizLab)
  10 komodo dragons
  3 ancient zymes
  11 demonic crawlers
  A guardian mummy (D:15)
  15 trolls
  26 hornets
  2 trolls (shapeshifter)
  39 jumping spiders
  2 tyrant leeches
  A merfolk (shapeshifter) (Depths:3)
  2 meliai (shapeshifter)
  9 large abominations
  A shadow dragon simulacrum (Vaults:5)
  11 polar bears
  27 blink frogs
  4 bog bodies
  5 raiju
  6 hippogriffs
  A spriggan zombie (D:15)
  27 slime creatures
  14 dream sheep
  A blink frog (shapeshifter) (Vaults:5)
  3 frost giant simulacra
  2 ettin zombies
  A meliai zombie (D:13)
  A redback (shapeshifter) (Depths:5)
  A vampire (Abyss:5)
  Sigmund (D:6)
  A tarantella (shapeshifter) (Vaults:4)
  21 tarantellas
  3 shadows
  A fire dragon skeleton (Vaults:1)
  71 redbacks
  11 air elementals
  14 wyverns
  3 ynoxinuls
  A spriggan (shapeshifter) (Vaults:5)
  A human (shapeshifter) (Vaults:4)
  Eustachio (D:6)
  4 fire elementals
  4 basilisks
  3 wraiths
  17 yaks
  5 water elementals
  A fire bat (shapeshifter) (Vaults:5)
  3 golden eyes (Depths:2)
  Menkaure (D:6)
  3 chaos spawn
  A hungry ghost (D:15)
  7 vampire mosquitoes
  11 wargs
  12 insubstantial wisps
  12 swamp worms
  7 soldier ants (D:11)
  A spatial vortex (WizLab)
  2 acid dragons
  14 water moccasins
  A soldier ant (shapeshifter) (Depths:3)
  Duvessa (D:6)
  19 hell hounds
  8 porcupines
  4 floating eyes
  5 sky beasts
  10 small abominations
  15 black bears
  51 orc warriors
  12 swamp drakes
  A black bear (shapeshifter) (Vaults:3)
  An eye of draining (D:12)
  28 ice beasts
  A boggart (shapeshifter) (Vaults:1)
  2 slaves (D:8)
  9 boggarts
  An elf simulacrum (Vaults:5)
  4 phantoms
  An orc skeleton (Vaults:1)
  19 centaurs
  A wolf (shapeshifter) (Depths:3)
  45 ogres
  29 wolves
  11 crocodiles
  A crocodile (shapeshifter) (D:13)
  2 big kobolds (D:11)
  Blork the orc (D:5)
  18 bullfrogs
  An ogre simulacrum (Vaults:1)
  2 earth elementals
  A gnoll sergeant (D:8)
  A glowing shapeshifter simulacrum (Vaults:5)
  Dowan (D:6)
  5 scorpions
  9 killer bees
  3 wights
  8 electric eels
  4 crimson imps
  10 hounds
  8 starcursed masses (Abyss:5)
  4 centaur zombies
  2 wyvern simulacra (D:12)
  15 orc wizards
  3 quasits
  28 orc priests
  4 centaur skeletons
  2 bullfrog skeletons
  5 jellies
  3 iguanas
  30 worker ants
  A hell rat (Depths:5)
  A lightning spire (Zot:2)
  A centaur simulacrum (D:12)
  2 hound skeletons
  A worker ant zombie (D:11)
  13 adders
  15 gnolls
  4 shadow imps
  4 white imps
  3 ufetubi (D:12)
  An ooze (D:3)
  An adder skeleton (D:9)
  A worm (D:3)
  5 leopard geckos
  119 orcs
  8 bats
  6 giant cockroaches
  6 goblins
  16 hobgoblins
  4 jackals (D:10)
  22 kobolds
  5 quokkas
  4 ball pythons (D:8)
  7 frilled lizards
  A jackal skeleton (D:7)
  A leopard gecko skeleton (D:4)
  A quokka skeleton (D:4)
  9 rats
  4 starspawn tentacles (WizLab)
2657 creatures vanquished.

Vanquished Creatures (collateral kills)
  A tentacled monstrosity (Depths:5)
  A thorn hunter (Swamp:4)
  A vampire knight (Depths:3)
  2 hydras (Swamp:4)
  A vault guard (Vaults:1)
  A deep troll earth mage (Depths:4)
  A hell knight (Depths:4)
  A shambling mangrove (Swamp:4)
  2 swamp dragons (Swamp:4)
  A rust devil (D:12)
  An elephant (Lair:4)
  A komodo dragon (Lair:6)
  2 blink frogs (Lair:6)
  A hippogriff (Lair:6)
  A redback (Lair:6)
  A wyvern (Lair:6)
  3 vampire mosquitoes (Swamp:4)
  A water moccasin (Lair:6)
  3 wolves (Lair:6)
  A crocodile (Lair:6)
  A plant (Lair:6)
28 creatures vanquished.

Vanquished Creatures (others)
  2 fire giants
  A draconian knight (Zot:2)
  3 deep elf sorcerers
  2 stone giants (Depths:3)
  A deep elf demonologist (Elf:3)
  A red draconian (Zot:3)
  An ettin (Vaults:4)
  4 yaktaur captains
  A deep elf high priest (Depths:4)
  A hell beast (Zot:4)
  A spriggan air mage (Depths:4)
  2 centaur warriors
  A two-headed ogre (Vaults:1)
  A tengu warrior (Depths:5)
  2 deep elf knights
  5 deep elf archers
  A moth of wrath (Zot:5)
  15 yaktaurs
  A tengu conjurer (Depths:2)
  A jumping spider (Spider:4)
  A raiju (Abyss:5)
  A hornet (Swamp:3)
  A slime creature (Swamp:4)
  A spriggan (Swamp:3)
  A wyvern (Lair:5)
  2 humans (Lair:5)
  A fire elemental (Elf:3)
  A vampire mosquito (Depths:5)
  A swamp worm (Swamp:4)
  A porcupine (Lair:5)
  A swamp drake (Swamp:4)
  3 ogres
  A boggart (Vaults:3)
  6 centaurs
  A jelly (Depths:2)
  A hound (D:8)
  An orc priest (Vaults:5)
  2 gnolls (D:8)
  An adder skeleton (D:8)
  A leopard gecko (D:8)
  5 orcs
  A ball python (D:8)
  24 fungi
  A lurking horror (Abyss:5)
  15 plants
  7 starspawn tentacles
  4 withered plants (D:15)
133 creatures vanquished.

Grand Total: 2818 creatures vanquished

Table legend:
 A = Turns spent in this place as a percentage of turns spent in the entire game.
 B = Non-inter-level travel turns spent in this place as a percentage of non-inter-level travel turns spent in the entire game.
 C = Inter-level travel turns spent in this place as a percentage of turns spent in this place.
 D = Turns resting spent in this place as a percentage of non-inter-level travel turns spent in this place.
 E = Turns spent auto-exploring this place as a percentage of non-inter-level travel turns spent in this place.
 F = Non-inter-level travel turns spent in this place divided by the number of levels of this place that you've seen.
                   A       B       C       D       E      F
               +-------+-------+-------+-------+-------+----------------------
         Total | 100.0 | 100.0 |   8.0 |  36.6 |  36.2 | 1487.9
       Dungeon |  22.5 |  21.5 |  12.4 |  28.9 |  47.4 | 1149.6
          Lair |  10.6 |  10.6 |   8.0 |  31.6 |  42.6 | 1422.0
         Swamp |   5.9 |   6.3 |   2.7 |  37.7 |  40.9 | 1256.0
   Spider Nest |   5.5 |   5.6 |   5.6 |  38.2 |  31.9 | 1125.0
  Orcish Mines |   3.2 |   2.7 |  20.0 |   9.6 |  58.2 | 1104.0
   Elven Halls |   6.4 |   6.2 |   9.7 |  35.5 |  34.4 | 1669.7
        Vaults |  15.2 |  15.4 |   6.3 |  38.5 |  33.0 | 2480.2
        Depths |  15.1 |  15.1 |   8.0 |  44.6 |  24.9 | 2426.6
           Zot |  11.9 |  12.5 |   3.7 |  45.2 |  27.8 | 2007.2
         Abyss |   0.9 |   1.0 |   0.0 |  48.7 |   9.8 | 392.0
        Bailey |   0.3 |   0.4 |   0.0 |   1.4 |  49.3 | 294.0
      Ice Cave |   1.4 |   1.5 |   0.0 |  58.5 |  17.2 | 1242.0
        Wizlab |   1.1 |   1.2 |   0.0 |  29.0 |  43.6 | 942.0
               +-------+-------+-------+-------+-------+----------------------

Table legend:
 A = Spawn XP
 B = Non-spawn XP
 C = Spawn XP percentage of total XP
 D = Spawn monster count
 E = Non-spawn monster count
 F = Spawn count percentage of total count
 G = Total turns spent on level
                    A         B        C        D         E        F      G
               +---------+---------+-------+---------+---------+-------+---------
         Total |   25636 | 1935811 |   1.3 |      45 |    2679 |   1.7 | 87300
               +---------+---------+-------+---------+---------+-------+---------
           D:1 |       0 |      41 |   0.0 |       0 |      25 |   0.0 |   926
           D:2 |       0 |      45 |   0.0 |       0 |      14 |   0.0 |  1141
           D:3 |       0 |      29 |   0.0 |       0 |      12 |   0.0 |   747
           D:4 |       0 |     496 |   0.0 |       0 |      11 |   0.0 |   744
           D:5 |       0 |     408 |   0.0 |       0 |       5 |   0.0 |   910
           D:6 |       0 |    1247 |   0.0 |       0 |      12 |   0.0 |   831
           D:7 |       0 |    2286 |   0.0 |       0 |      30 |   0.0 |  1745
           D:8 |       0 |    2578 |   0.0 |       0 |      29 |   0.0 |  1208
           D:9 |       0 |    2096 |   0.0 |       0 |      24 |   0.0 |  1100
          D:10 |       0 |    2258 |   0.0 |       0 |      27 |   0.0 |  1252
          D:11 |       0 |    9840 |   0.0 |       0 |      73 |   0.0 |  2612
          D:12 |       0 |    7971 |   0.0 |       0 |      44 |   0.0 |  1576
          D:13 |       0 |    8773 |   0.0 |       0 |      33 |   0.0 |  1197
          D:14 |       0 |   16800 |   0.0 |       0 |      29 |   0.0 |  1938
          D:15 |       0 |   29762 |   0.0 |       0 |      63 |   0.0 |  1749
        Lair:1 |       0 |    2361 |   0.0 |       0 |      12 |   0.0 |  1237
        Lair:2 |       0 |    5698 |   0.0 |       0 |      16 |   0.0 |  1087
        Lair:3 |       0 |   11144 |   0.0 |       0 |      39 |   0.0 |  1818
        Lair:4 |       0 |   12359 |   0.0 |       0 |      32 |   0.0 |  1712
        Lair:5 |       0 |    8603 |   0.0 |       0 |      20 |   0.0 |  1182
        Lair:6 |       0 |   30640 |   0.0 |       0 |     128 |   0.0 |  2236
       Swamp:1 |       0 |   17600 |   0.0 |       0 |      25 |   0.0 |  1070
       Swamp:2 |       0 |    8192 |   0.0 |       0 |      21 |   0.0 |   785
       Swamp:3 |       0 |   17566 |   0.0 |       0 |      37 |   0.0 |  1456
       Swamp:4 |       0 |   34324 |   0.0 |       0 |      61 |   0.0 |  1851
      Spider:1 |       0 |   10165 |   0.0 |       0 |      36 |   0.0 |   896
      Spider:2 |       0 |   14448 |   0.0 |       0 |      38 |   0.0 |   860
      Spider:3 |       0 |   22799 |   0.0 |       0 |      58 |   0.0 |  1363
      Spider:4 |       0 |   35308 |   0.0 |       0 |      70 |   0.0 |  1649
         Orc:1 |       0 |     956 |   0.0 |       0 |      15 |   0.0 |   541
         Orc:2 |       0 |   18910 |   0.0 |       0 |     132 |   0.0 |  2220
         Elf:1 |       0 |   30308 |   0.0 |       0 |      50 |   0.0 |  1596
         Elf:2 |       0 |   37472 |   0.0 |       0 |      56 |   0.0 |  1300
         Elf:3 |       0 |   80110 |   0.0 |       0 |      73 |   0.0 |  2651
      Vaults:1 |       0 |   70207 |   0.0 |       0 |     137 |   0.0 |  2740
      Vaults:2 |       0 |   54739 |   0.0 |       0 |      90 |   0.0 |  1761
      Vaults:3 |       0 |   43925 |   0.0 |       0 |      73 |   0.0 |  1970
      Vaults:4 |       0 |   96923 |   0.0 |       0 |     120 |   0.0 |  3775
      Vaults:5 |       0 |  122025 |   0.0 |       0 |     109 |   0.0 |  2989
      Depths:1 |       0 |   28713 |   0.0 |       0 |      29 |   0.0 |  1209
      Depths:2 |       0 |   78368 |   0.0 |       0 |     111 |   0.0 |  2495
      Depths:3 |       0 |  134229 |   0.0 |       0 |     108 |   0.0 |  3140
      Depths:4 |       0 |  156749 |   0.0 |       0 |     138 |   0.0 |  3322
      Depths:5 |       0 |  121107 |   0.0 |       0 |      94 |   0.0 |  3024
         Zot:1 |       0 |   50175 |   0.0 |       0 |      28 |   0.0 |  1658
         Zot:2 |       0 |   96890 |   0.0 |       0 |      59 |   0.0 |  2144
         Zot:3 |       0 |   60101 |   0.0 |       0 |      39 |   0.0 |  1683
         Zot:4 |       0 |   63277 |   0.0 |       0 |      30 |   0.0 |  1921
         Zot:5 |       0 |  253289 |   0.0 |       0 |      81 |   0.0 |  3021
       Abyss:2 |    1564 |       0 | 100.0 |       4 |       0 | 100.0 |   184
       Abyss:5 |   24072 |    3608 |  87.0 |      41 |      11 |  78.8 |   600
        Bailey |       0 |     802 |   0.0 |       0 |      34 |   0.0 |   294
         IceCv |       0 |    5449 |   0.0 |       0 |      20 |   0.0 |  1242
        WizLab |       0 |   11642 |   0.0 |       0 |      18 |   0.0 |   942
               +---------+---------+-------+---------+---------+-------+---------
